 Dungeon Crawl Stone Soup version 0.29.0-7-g18a832c13a (webtiles) character file.

Game seed: 6059882795650454750

11 fingers the Trooper (level 2, -1/24 HPs)
             Began as a Demonspawn Berserker on Aug 31, 2022.
             Was a Follower of Trog.
             Slain by a hobgoblin (4 damage)
             ... on level 1 of the Dungeon.
             The game lasted 00:00:26 (134 turns).

fingers the Trooper (Demonspawn Berserker)           Turns: 134, Time: 00:00:26

Health: -1/24      AC:  2    Str: 17    XL:     2   Next: 17%
Magic:  2/2        EV: 12    Int:  8    God:    Trog [*.....]
Gold:   2          SH:  0    Dex: 12    Spells: 1/1 levels left

rFire   . . .      SeeInvis .   a - +0 falchion
rCold   . . .      Faith    .   (no shield)
rNeg    . . .      Spirit   .   b - +0 animal skin
rPois   .          Reflect  .   (no helmet)
rElec   .          Harm     .   (no cloak)
rCorr   .          Rampage  .   (no gloves)
Will    .....                   (no boots)
Stlth   +.........              (no amulet)
HPRegen 0.08/turn               (no ring)
MPRegen 0.16/turn               (no ring)

@: on berserk cooldown, slowed, very slow
A: magic regeneration
a: Renounce Religion, Berserk


You were on level 1 of the Dungeon.
You worshipped Trog.
Trog was aware of your devotion.
You visited 1 branch of the dungeon, and saw 1 of its levels.

You collected 2 gold pieces.

Inventory:

Hand Weapons
 a - a +0 falchion (weapon)
Armour
 b - a +0 animal skin (worn)
Scrolls
 c - a scroll of immolation {unknown}
 d - a scroll of poison {unknown}
 e - a scroll of amnesia {unknown}


   Skills:
 + Level 3.2 Fighting
 + Level 3.0 Long Blades
 + Level 1.8 Armour
 + Level 1.8 Dodging


You had one spell level left.
You didn't know any spells.
Your spell library was empty.

Dungeon Overview and Level Annotations

Branches:
Dungeon (1/15)

Altars:


Innate Abilities, Weirdness & Mutations

You regenerate magic rapidly.


Message History

You slash the jackal!
You kill the jackal!
Trog accepts your kill.
Your Long Blades skill increases to level 3!
A hobgoblin comes into view.
The frilled lizard closely misses you.
You feel a strong urge to attack something.
You are no longer berserk.
You are exhausted.
You feel yourself slow down.
You closely miss the frilled lizard. The frilled lizard bites you. x2
You closely miss the frilled lizard. The frilled lizard barely misses you.
The frilled lizard bites you.
You closely miss the frilled lizard. Your punch misses the frilled lizard.
The frilled lizard barely misses you. The frilled lizard misses you.
You hit the frilled lizard.
You kill the frilled lizard!
Trog accepts your kill. The jackal closely misses you.
You hit the jackal.
The jackal is almost dead.
The jackal barely misses you. The hobgoblin hits you.
The jackal barely misses you. The hobgoblin barely misses you.
The jackal bites you.
* * * LOW HITPOINT WARNING * * *
You hit the jackal.
You kill the jackal!
Trog accepts your kill. The hobgoblin barely misses you.
The hobgoblin closely misses you.
You hit the hobgoblin.
The hobgoblin is moderately wounded.
The hobgoblin barely misses you. The hobgoblin misses you.
You barely miss the hobgoblin.
The hobgoblin is moderately wounded.
The hobgoblin hits you.
* * * LOW HITPOINT WARNING * * *
You hit the hobgoblin.
The hobgoblin is heavily wounded.
The hobgoblin hits you.
You die...

.........#####.....#
....####...#....##.#
.... #.........##.#
.... .............# ..
#...........)##
#............#
...........## #
...........#######..###
..####.#..@†).........#
#.#..g##.........#
...................#
.#########.........#
#.........# #....g....#
##..##.#### #..# .#


You could see a hobgoblin.

Vanquished Creatures
  A ball python (D:1)
  A goblin (D:1)
  A hobgoblin (D:1)
  4 jackals (D:1)
  A quokka (D:1)
  A frilled lizard (D:1)
9 creatures vanquished.

Notes
Turn   | Place    | Note
-------+----------+-------------------------------------------
     0 | D:1      | fingers the Demonspawn Berserker began the quest for the
                  | Orb.
     0 | D:1      | Reached XP level 1. HP: 18/18 MP: 1/1
   122 | D:1      | Gained mutation: You regenerate magic rapidly. [demonic
                  | ancestry]
   122 | D:1      | Reached XP level 2. HP: 21/24 MP: 2/2
   134 | D:1      | Slain by a hobgoblin

Illustrated notes

Levels and vault maps discovered:
D:1:      psy_arrival_statuary, layout_rooms, serial_shops,
          nicolae_shop_hallway_plus

Skill      XL: |  1  2 |
---------------+-------+-----
Long Blades    | 3 |  3.0
Fighting       | |  3.2
Armour         | |  1.8
Dodging        | |  1.8

Action                   || total
-------------------------++-------
Melee: Falchion          ||    24
Invok: Berserk           ||     1
Armor: Animal skin       ||     3
Dodge: Dodged            ||    20
